 Dungeon Crawl Stone Soup version 0.18.1-50-g88ac8fd (webtiles) character file.

247 magog001 the Shield-Bearer (level 6, -2/52 HPs)
             Began as a Hill Orc Fighter on Oct 26, 2017.
             Slain by Grinder (8 damage)
             ... on level 3 of the Dungeon.
             The game lasted 00:10:36 (2277 turns).

magog001 the Shield-Bearer (Hill Orc Fighter)       Turns: 2277, Time: 00:10:37

Health: -2/52      AC:  8    Str: 26    XL:     6   Next: 11%
Magic:  6/6        EV:  8    Int:  8    God:
Gold:   199        SH: 10    Dex: 10    Spells: 0 memorised, 5 levels left

rFire  . . .     SeeInvis .     a - +0 war axe
rCold  . . .     Gourm    .     b - +0 scale mail
rNeg   . . .     Faith    .     c - +0 shield
rPois  .         Spirit   .     (no helmet)
rElec  .         Dismiss  .     (no cloak)
rCorr  .         Reflect  .     (no gloves)
SustAt .         Harm     .     k - +0 pair of boots
MR     .....                    (no amulet)
Stlth  ..........               (no ring)
                                (no ring)

@: mighty, not resistant to hostile enchantments, extremely unstealthy
A: no striking features
a: no special abilities


You were on level 3 of the Dungeon.
You were not hungry.

You visited 1 branch of the dungeon, and saw 4 of its levels.

You collected 199 gold pieces.

Inventory:

Hand Weapons
 a - a +0 war axe (weapon)
Missiles
 q - 44 bolts
Armour
 b - a +0 scale mail (worn)
 c - a +0 shield (worn)
 k - a +0 pair of boots (worn)
Scrolls
 e - 2 scrolls of noise {unknown}
 j - a scroll of remove curse {unknown}
 l - 3 scrolls of identify {unknown}
 m - a scroll of immolation {unknown}
 o - a scroll of teleportation {unknown}
 p - a scroll of magic mapping {unknown}
 t - a scroll of recharging {unknown}
 w - a scroll of fear {unknown}
Potions
 i - 2 potions of brilliance {unknown}
 n - 2 potions of curing {unknown}
 r - 2 potions of ambrosia {unknown}
 s - a potion of flight {unknown}
 u - 3 potions of berserk rage {unknown}
Comestibles
 f - 4 bread rations
 g - 2 beef jerkies
 v - a meat ration


   Skills:
 + Level 4.2 Fighting
 * Level 4.4 Axes
 * Level 4.4 Armour
 * Level 5.5 Shields


You had 5 spell levels left.
You didn't know any spells.

Dungeon Overview and Level Annotations

Branches:
Dungeon (4/15)
 Temple: D:4-7

Altars:
Elyvilon
Kikubaaqudgha

Annotations:
D:3 Grinder


Message History

* * * LOW HITPOINT WARNING * * *
You closely miss Grinder.
Grinder is heavily wounded.
Grinder hits you!
* * * LOW HITPOINT WARNING * * *
You writhe in agony. x2
Drink which item? (? for menu, Esc to quit)
You feel very mighty all of a sudden. Grinder hits you but does no damage.
Your shield prevents you from hitting Grinder.
Grinder is heavily wounded.
Grinder gestures at you. Pain shoots through your body!
* * * LOW HITPOINT WARNING * * *
Grinder gestures at you. You resist with significant effort.
You slash Grinder!
Grinder is severely wounded.
Grinder hits you!
You die...

..####......#.#.....## #....≈..⌠.
.#####[.....#.......# #..≈≈≈≈.(.
.'......)...##......# ##..≈≈≈...#
.####.......##......# #...≈≈≈...#
.####.......##......# #...≈≈≈≈≈..
....#.......###.....# #.....≈..≈.
###.#.####### #.....###..⌠....._.
..#.#.#########..5.........##....
#.#.#..#........@.........#######
#.#.##.#.#######.................
#.#.##.#.# #..........#######
#<#.÷..#.# #..........# #
########.# #..........#
.........# ############
########## ########## .........#


You could see Grinder.

Vanquished Creatures
  The ghost of magog001 the Shield-Bearer, an amateur FoFi (D:3)
  A centaur (D:3)
  2 adders
  3 oozes (D:2)
  2 dart slugs (D:2)
  2 giant geckos
  4 orcs
  2 ball pythons
  4 giant cockroaches
  3 goblins
  6 hobgoblins
  3 kobolds
  A quokka (D:3)
  5 bats
  A giant gecko skeleton (D:4)
  3 giant newts
  5 rats
48 creatures vanquished.

Notes
Turn   | Place    | Note
--------------------------------------------------------------
     0 | D:1      | magog001 the Hill Orc Fighter began the quest for the Orb.
     0 | D:1      | Reached XP level 1. HP: 19/19 MP: 1/1
   116 | D:1      | Reached XP level 2. HP: 23/27 MP: 2/2
   539 | D:2      | Found a white marble altar of Elyvilon.
   656 | D:2      | Reached XP level 3. HP: 31/33 MP: 3/3
   921 | D:2      | Reached skill level 4 in Shields
  1171 | D:2      | Reached XP level 4. HP: 40/40 MP: 4/4
  1284 | D:3      | Found an ancient bone altar of Kikubaaqudgha.
  1577 | D:3      | Noticed magog001's ghost (amateur FoFi)
  1594 | D:3      | Killed magog001's ghost
  1594 | D:3      | Reached XP level 5. HP: 20/46 MP: 5/5
  1784 | D:3      | Reached skill level 5 in Shields
  1900 | D:3      | Noticed a centaur
  1914 | D:3      | Killed a centaur
  1914 | D:3      | Reached XP level 6. HP: 23/52 MP: 6/6
  2238 | D:4      | Noticed Grinder
  2255 | D:4      | Paralysed by Grinder for 5 turns
  2277 | D:3      | Slain by Grinder

Skill      XL: |  1  2  3  4  5 |
---------------+----------------+-----
Axes           | 3 4 |  4.4
Fighting       | 4 |  4.2
Shields        | 4 5 |  5.5
Armour         | 4 |  4.4

Action                   |  1- 3 |  4- 6 || total
-------------------------+-------+-------++-------
Melee: War axe           |    92 |    82 ||   174
  Use: Potion            |       |     1 ||     1
  Eat: Chunk             |     1 |     1 ||     2
       Pizza             |       |     1 ||     1
       Beef jerky        |       |     1 ||     1
Armor: Scale mail        |    50 |    31 ||    81
Dodge: Dodged            |    35 |    19 ||    54
Block: Shield            |    64 |    62 ||   126
